 Dungeon Crawl Stone Soup version 0.27-a0-1322-gfdffb62a71 (webtiles) character file.

Game seed: 12865118260509780346

7 sanka the Insei (level 2, 21/21 HPs)
             Began as an Octopode Monk on June 22, 2021.
             Was a Believer of Fedhas.
             Quit the game on level 1 of the Dungeon.
             The game lasted 00:00:43 (345 turns).

sanka the Insei (Octopode Monk)                      Turns: 345, Time: 00:00:44

Health: 21/21      AC:  1    Str: 10    XL:     2   Next: 4%
Magic:  2/2        EV: 14    Int: 12    God:    Fedhas [**....]
Gold:   12         SH:  0    Dex: 14    Spells: 1/1 levels left

rFire    . . .     SeeInvis .     - Unarmed
rCold    . . .     Faith    .   (no shield)
rNeg     . . .     Spirit   .   (helmet restricted)
rPois    .         Reflect  .   (no amulet)
rElec    .         Harm     .   (no ring)
rCorr    .         Rampage  .   (no ring)
Will     .....                  (no ring)
Stlth    +++.......             (no ring)
HPRegen  0.07/turn              (no ring)
MPRegen  0.08/turn              (no ring)
                                (no ring)
                                (no ring)

@: no status effects
A: almost no armour, amphibious, 8 rings, camouflage 1, gelatinous body 1,
(nimble swimmer 1), tentacles
a: Renounce Religion, Wall of Briars


You were on level 1 of the Dungeon.
You worshipped Fedhas.
Fedhas was pleased with you.
You visited 1 branch of the dungeon, and saw 1 of its levels.

You collected 12 gold pieces.


Innate Abilities, Weirdness & Mutations

You cannot wear most types of armour.
You are amphibious.
You can wear up to eight rings at the same time.
Your skin changes colour to match your surroundings (Stealth+).
Your rubbery body absorbs attacks. (AC +1, EV +1)
((You are camouflaged near water. (Stealth+)))
You have tentacles for arms and can constrict up to eight enemies at once.


   Skills:
 + Level 3.1 Fighting
 + Level 3.1 Dodging
 - Level 2.6 Stealth
 * Level 3.2 Unarmed Combat


You had one spell level left.
You didn't know any spells.
Your spell library was empty.

Inventory:

Scrolls
 a - a scroll of identify {unknown}
Potions
 b - a potion of curing {unknown}

Dungeon Overview and Level Annotations

Branches:
Dungeon (1/15)

Altars:
Fedhas

▒...▒▒▒▒..▒
▒▒.▒▒▒....▒▒.▒
▒▒▒▒▒▒.▒▒▒...>...▒
▒........'...▒▒▒.▒
▒.▒)...▒▒▒.........
▒▒▒.▒▒▒▒.▒
▒.▒▒.▒▒▒▒▒
.........▒ ▒.▒ .▒
▒.....÷..▒▒▒▒▒▒▒▒▒▒
▒.▒▒.......▒▒f..x8▒
▒.▒▒.......▒.P≈▒▒▒▒
▒.▒▒▒.▒..▒.▒PP≈▒
▒.▒▒▒.▒.÷.▒▒.≈▒▒
▒.........▒P≈.▒
▒▒▒▒▒....▒▒≈.▒▒
▒......▒P≈.▒
▒▒▒▒▒.▒▒f≈P▒▒
▒.▒▒P≈Pf▒▒


There were no monsters in sight!


Message History

You open the door.
Found a stone staircase leading down.
An endoplasm comes into view.
There is an open door here.
An endoplasm is nearby!
The endoplasm quivers.
You tentacle-slap the endoplasm.
The endoplasm is heavily wounded.
The endoplasm misses you.
You tentacle-slap the endoplasm. Your squeeze misses the endoplasm.
The endoplasm is severely wounded.
The endoplasm barely misses you.
You tentacle-slap the endoplasm but do no damage.
You squeeze the endoplasm.
You kill the endoplasm!
You have reached level 2!
Search for what [? for help]? god
There is an open door here.
There is a faded altar of an unknown god here.
You cannot tell which god this altar belongs to.
Convert to them anyway?
Okay, then.
You cannot tell which god this altar belongs to.
Convert to them anyway?
Fedhas accepts your prayer! Fedhas welcomes you!
You can now encircle yourself with summoned briar patches.
The plants of the dungeon cease their hostilities.
Use which ability? (? or * to list)
Okay, then.
Are you sure you want to abandon this character and quit the game? (Confirm with "yes".)

Action                   || total
-------------------------++-------
Melee: Unarmed           ||    15
       Constrict         ||     4
       Tentacles         ||     2
Armor: Skin              ||     4
Dodge: Dodged            ||    21

Levels and vault maps discovered:
D:1:      dpeg_arrival_rhombus, layout_basic,
          shapermc_ecumenical_altar_hornbeckon, serial_shops, shop

Notes
Turn   | Place    | Note
-------+----------+-------------------------------------------
     0 | D:1      | sanka the Octopode Monk began the quest for the Orb.
     0 | D:1      | Reached XP level 1. HP: 16/16 MP: 1/1
   252 | D:1      | Found a faded altar of an unknown god.
   305 | D:1      | Reached XP level 2. HP: 21/21 MP: 2/2
   344 | D:1      | Became a worshipper of Fedhas Madash
   344 | D:1      | Reached * piety under Fedhas
   344 | D:1      | Reached ** piety under Fedhas
   345 | D:1      | Quit the game

Vanquished Creatures
  A dart slug (D:1)
  An endoplasm (D:1)
  A kobold (D:1)
  A quokka (D:1)
  A bat (D:1)
5 creatures vanquished.
